 Dungeon Sprint DCSS version 0.28-a0-1447-ga5a8893891 (webtiles) character file.

Game seed: 5743831577565605451

34143 mhtbhm the Executioner (level 13, 0/143 HPs)
             Began as a Minotaur Fighter on Jan 10, 2022.
             Was an Initiate of Gozag.
             Slain by a naga warrior (33 damage)
             ... in the Dungeon (Sprint VII: "The Pits").
             The game lasted 00:14:12 (5374 turns).

mhtbhm the Executioner (Minotaur Fighter)           Turns: 5374, Time: 00:14:12

Health: 0/143      AC: 28    Str: 26    XL:     13   Next: 40%
Magic:  12/12      EV: 17    Int:  5    God:    Gozag
Gold:   599        SH:  8    Dex: 10    Spells: 12/12 levels left

rFire   x . .      SeeInvis .   a - +1 broad axe of Slime {vorpal, rElec rC- rCorr Stlth+}
rCold   + . .      Faith    .   c - +0 buckler
rNeg    . . .      Spirit   .   b - +8 ice dragon scales "Dowk" {Drain rF- rC++ Regen+ Stlth+}
rPois   .          Reflect  .   (helmet restricted)
rElec   +          Harm     .   (no cloak)
rCorr   +          Rampage  .   (no gloves)
Will    .....      NoTele   +   (no boots)
Stlth   +++++.....              B - amulet of magic regeneration
HPRegen 1.13/turn               o - +3 ring of protection
MPRegen 0.53/turn               D - ring of the Hare {EV+8}

@: mighty, on berserk cooldown, hasted, constricted, very quick
A: horns 2, retaliatory headbutt
a: Renounce Religion, Potion Petition, Call Merchant, Bribe Branch


You were in the Dungeon.
You worshipped Gozag.
Gozag was pleased with you.
You visited 1 branch You collected 10139 gold pieces.
You spent 4000 gold pieces at shops.
You paid 5540 gold pieces to Gozag.

Inventory:

Hand Weapons
 a - the +1 broad axe of Slime (weapon) {vorpal, rElec rC- rCorr Stlth+}
   (You found it in the Dungeon)

   It inflicts extra damage upon your enemies.
   rC:        It makes you vulnerable to cold.
   rElec:     It insulates you from electricity.
   rCorr:     It protects you from acid and corrosion.
   Stlth:     It makes you more stealthy.
 s - a +0 hand axe of freezing
 A - a +3 antimagic broad axe
Missiles
 j - 4 javelins (quivered)
 z - 10 silver javelins
Armour
 b - the +8 ice dragon scales "Dowk" (worn) {Drain rF- rC++ Regen+ Stlth+}
   (You bought it in a shop in the Dungeon)

   rF:        It makes you vulnerable to fire.
   rC:        It greatly protects you from cold.
   Regen:     It increases your rate of health regeneration.
   Drain:     It drains your maximum health when unequipped.
   Stlth:     It makes you more stealthy.
 c - a +0 buckler (worn)
 v - a +3 plate armour of poison resistance
Jewellery
 m - a ring of willpower
 o - a +3 ring of protection (left hand)
 u - a ring of positive energy
 B - an amulet of magic regeneration (around neck)
 D - the ring of the Hare (right hand) {EV+8}
   (You bought it in a shop in the Dungeon)

   [ring of evasion]

   EV:        It affects your evasion (+8).
Wands
 e - a wand of polymorph (2)
 p - a wand of charming (6)
Scrolls
 l - 5 scrolls of amnesia
 t - 2 scrolls of fear
 w - 4 scrolls of enchant weapon
 x - 2 scrolls of fog
 y - a scroll of identify
Potions
 d - 3 potions of might
 f - a potion of heal wounds
 g - 2 potions of haste
 h - 4 potions of magic
 i - 2 potions of berserk rage
 n - 4 potions of curing
 q - 2 potions of brilliance
 r - a potion of mutation
Miscellaneous
 C - a phantom mirror (inert)


   Skills:
 + Level 21.2 Fighting
 + Level 23.5 Axes
 + Level 20.7 Armour
 + Level 5.3 Dodging
 + Level 10.1 Stealth
 + Level 16.2 Shields
 + Level 2.9 Evocations


You had 12 spell levels left.
You didn't know any spells.
Your spell library contained the following spells:

 Spells                   Type           Power      Damage    Failure   Level
 Fireball                 Conj/Fire      0%         3d3       100%        5
 Starburst                Conj/Fire      0%         6d3       100%        6
 Ignition                 Fire           0%         3d3       100%        8


Dungeon Overview and Level Annotations

Branches:
Dungeon (1/1)

Altars:
Ashenzari
Cheibriados
Dithmenos
Elyvilon
Fedhas
Gozag
Hepliaklqana
Kikubaaqudgha
Makhleb
Nemelex Xobeh
Okawaru
Qazlal
Ru
Sif Muna
Trog
Uskayaw
Vehumet
Wu Jian
Xom
Yredelemnul
Zin
The Shining One
Beogh
Jiyva
Lugonu

Shops:
D [=


Innate Abilities, Weirdness & Mutations

You have a pair of horns on your head.
You reflexively headbutt those who attack you in melee.


Message History

You block the naga warrior's attack. The naga warrior constricts you.
Unknown command.
You feel much better.
You feel yourself speed up.
You feel sick.
The naga warrior is no longer distracted by gold.
The orc knight is no longer distracted by gold.
The yaktaur barely misses you. You furiously retaliate!
You headbutt the yaktaur!! The orc knight closely misses you.
The orc warlord misses you.
The naga warrior roars a battlecry!
The naga warriors go into a battle-frenzy!
The naga warrior constricts you.
* * * LOW HITPOINT WARNING * * *
You block the naga warrior's attack.
Unknown command.
You feel better. You block the yaktaur's attack.
The orc knight hits you with a +0 bardiche!!
* * * LOW HITPOINT WARNING * * *
Unknown command.
Unknown command.
You feel much better.
The orc warlord hits you but does no damage.
You block the naga warrior's attack. The naga warrior constricts you.
* * * LOW HITPOINT WARNING * * *
The naga warrior hits you with a +0 war axe!!
* * * LOW HITPOINT WARNING * * *
You block the yaktaur's attack.
Unknown command.
You feel much better. The orc knight barely misses you.
The orc warlord completely misses you. The naga warrior spits poison at you.
The splash of poison misses you.
The splash of poison misses the naga warrior.
The splash of poison hits the yaktaur!
The yaktaur is poisoned.
The naga warrior constricts you.
* * * LOW HITPOINT WARNING * * *
The naga warrior hits you with a +0 war axe!!
You die...
Your body crumbles into a pile of gold.

'###############################+
..........................∩∩.....
....)............................
.##############''##############..
.# #......# #.. .# #......# #..
.# #..$).)# . #.. .#
...###$$###.... #.. .#
.......N@NcN.... #.. .#
.......ooc...... #.. .#
..####..o.####.. #.. .# #....#
#.. .# ##..## #.. ## #### #++
########### ...=......#
....#####'#


You could see an orc warlord (strong), 3 naga warriors, 2 orc knights and 2
yaktaurs.

Vanquished Creatures
  A fire giant (D)
  An orc warlord (D)
  A deep elf sorcerer (D)
  A ghost moth (D)
  A war gargoyle (D)
  A red draconian (D)
  2 minotaurs (D)
  A merfolk javelineer (D)
  A merfolk impaler (D)
  A yaktaur captain (D)
  A hell beast (D)
  A hydra (D)
  2 vault guards (D)
  2 naga warriors (D)
  An ice dragon (D)
  A catoblepas (D)
  A vampire mage (D)
  A death yak (D)
  Urug (D)
  A deep troll (D)
  A fire crab (D)
  A goliath frog (D)
  A wizard (D)
  3 bog bodies (D)
  A phantasmal warrior (D)
  7 orc knights (D)
  A deep elf zephyrmancer (D)
  A lindwurm (D)
  A deep elf pyromancer (D)
  An orc sorcerer (D)
  2 wolf spiders (D)
  A salamander (D)
  A rust devil (D)
  A black mamba (D)
  An unseen horror (D)
  A smoke demon (D)
  An efreet (D)
  A komodo dragon (D)
  3 gargoyles (D)
  3 ice devils (D)
  A yaktaur (D)
  A red devil (D)
  A hornet (D)
  5 merfolk (D)
  A wind drake (D)
  A snapping turtle (D)
  2 spriggans (D)
  A culicivora (D)
  A shadow (D)
  2 wraiths (D)
  A water elemental (D)
  3 yaks (D)
  2 ynoxinuls (D)
  A wyvern (D)
  A redback (D)
  An acid dragon (D)
  A naga (D)
  A large abomination (D)
  An ice beast (D)
  A swamp drake (D)
  An ogre (D)
  4 wolves (D)
  2 phantoms (D)
  3 centaurs (D)
  2 earth elementals (D)
  A scorpion (D)
  6 killer bees (D)
  A quasit (D)
  3 orc priests (D)
  Jessica (D)
  An orc wizard (D)
  A small abomination (D)
  A mummy (D)
  2 gnolls (D)
  A river rat (D)
  An ufetubus (D)
  An adder simulacrum (D)
  9 orcs (D)
  An endoplasm (D)
  2 giant cockroaches (D)
  A goblin (D)
  A hobgoblin (D)
  5 jackals (D)
  2 ball pythons (D)
  A ball python simulacrum (D)
  A bat simulacrum (D)
  A frilled lizard (D)
  A kobold (D)
142 creatures vanquished.

Vanquished Creatures (collateral kills)
  A shadow (D)
1 creature vanquished.

Vanquished Creatures (others)
  A yak (D)
  An adder simulacrum (D)
  2 orcs (D)
4 creatures vanquished.

Grand Total: 147 creatures vanquished

Notes
Turn   | Place    | Note
-------+----------+-------------------------------------------
     0 | D        | mhtbhm the Minotaur Fighter began the quest for the Orb.
     0 | D        | Reached XP level 1. HP: 19/19 MP: 0/0
    18 | D        | Found a bloodstained altar of Trog.
    18 | D        | Found a shimmering blue altar of Sif Muna.
    18 | D        | Found a viscous altar of Jiyva.
    18 | D        | Found a hazy altar of Hepliaklqana.
    18 | D        | Found an opulent altar of Gozag.
    19 | D        | Found a glowing golden altar of the Shining One.
    19 | D        | Found a glowing silver altar of Zin.
    19 | D        | Found a basalt altar of Yredelemnul.
    19 | D        | Found a shimmering altar of Xom.
    19 | D        | Found an ornate altar of the Wu Jian Council.
    19 | D        | Found a sacrificial altar of Ru.
    19 | D        | Found a stormy altar of Qazlal.
    19 | D        | Found an iron altar of Okawaru.
    19 | D        | Found a sparkling altar of Nemelex Xobeh.
    19 | D        | Found a burning altar of Makhleb.
    19 | D        | Found a blossoming altar of Fedhas.
    19 | D        | Found a white marble altar of Elyvilon.
    19 | D        | Found a shadowy altar of Dithmenos.
    19 | D        | Found a snail-covered altar of Cheibriados.
    21 | D        | Found a radiant altar of Vehumet.
    21 | D        | Found a corrupted altar of Lugonu.
    22 | D        | Found a hide-covered altar of Uskayaw.
    22 | D        | Found an ancient bone altar of Kikubaaqudgha.
    22 | D        | Found a broken altar of Ashenzari.
    26 | D        | Became a worshipper of Gozag Ym Sagoz the Greedy
    74 | D        | Reached skill level 5 in Shields
    74 | D        | Reached XP level 2. HP: 20/28 MP: 1/1
   164 | D        | Reached skill level 5 in Fighting
   164 | D        | Reached skill level 3 in Axes
   165 | D        | Reached skill level 5 in Armour
   338 | D        | Noticed Jessica
   343 | D        | Reached XP level 3. HP: 8/37 MP: 2/2
   345 | D        | Killed Jessica
   565 | D        | Noticed a wolf
   566 | D        | Noticed a wolf
   567 | D        | Noticed a wolf
   578 | D        | Killed a wolf
   579 | D        | Reached skill level 6 in Axes
   579 | D        | Reached XP level 4. HP: 47/47 MP: 3/3
   579 | D        | Reached XP level 5. HP: 52/52 MP: 4/4
   579 | D        | Killed a wolf
   580 | D        | Reached skill level 7 in Axes
   580 | D        | Reached skill level 1 in Dodging
   584 | D        | Killed a wolf
   585 | D        | Reached skill level 8 in Axes
   585 | D        | Reached XP level 6. HP: 62/62 MP: 5/5
   602 | D        | Reached skill level 9 in Axes
   845 | D        | Noticed a gargoyle
   854 | D        | Killed a gargoyle
   855 | D        | Reached skill level 11 in Axes
   855 | D        | Reached skill level 10 in Armour
   855 | D        | Reached XP level 7. HP: 46/71 MP: 6/6
  1114 | D        | Noticed a smoke demon
  1123 | D        | Killed a smoke demon
  1124 | D        | Reached skill level 10 in Fighting
  1124 | D        | Reached skill level 12 in Axes
  1124 | D        | Reached skill level 1 in Stealth
  1124 | D        | Reached XP level 8. HP: 79/79 MP: 7/7
  1161 | D        | Got the +1 broad axe of Slime {vorpal, rElec rC- rCorr
                  | Stlth+}
  1256 | D        | Noticed a bog body
  1260 | D        | Killed a bog body
  1261 | D        | Reached skill level 14 in Axes
  1344 | D        | Noticed a bog body
  1345 | D        | Reached skill level 10 in Shields
  1345 | D        | Reached XP level 9. HP: 89/89 MP: 8/8
  1348 | D        | Killed a bog body
  1349 | D        | Reached skill level 15 in Axes
  1476 | D        | Noticed a red devil
  1495 | D        | Killed a red devil
  1496 | D        | Reached skill level 16 in Axes
  1679 | D        | Noticed a deep elf zephyrmancer
  1690 | D        | Killed a deep elf zephyrmancer
  1691 | D        | Reached skill level 17 in Axes
  1691 | D        | Reached XP level 10. HP: 84/100 MP: 9/9
  1768 | D        | Reached skill level 15 in Armour
  2230 | D        | Noticed a phantasmal warrior
  2235 | D        | Noticed a salamander
  2236 | D        | Noticed a naga warrior
  2239 | D        | Killed a phantasmal warrior
  2240 | D        | Reached skill level 18 in Axes
  2248 | D        | Noticed an orc sorcerer
  2258 | D        | Killed a naga warrior
  2258 | D        | Killed a salamander
  2267 | D        | Killed an orc sorcerer
  2268 | D        | Reached skill level 19 in Axes
  2664 | D        | Noticed a minotaur
  2664 | D        | Noticed a rust devil
  2664 | D        | Noticed a lindwurm
  2664 | D        | Noticed a seven-headed hydra
  2666 | D        | Noticed a black mamba
  2677 | D        | Killed a rust devil
  2690 | D        | Killed a minotaur
  2696 | D        | Killed a lindwurm
  2697 | D        | Reached XP level 11. HP: 18/111 MP: 10/10
  2709 | D        | Noticed a goliath frog
  2709 | D        | an 11-headed hydra changed into a goliath frog
  2940 | D        | Reached skill level 15 in Fighting
  2954 | D        | Killed a goliath frog
  3262 | D        | Acquired a +3 plate armour of poison resistance
  3343 | D        | Noticed Urug
  3347 | D        | Reached skill level 5 in Stealth
  3355 | D        | Killed Urug
  3356 | D        | Reached skill level 20 in Axes
  3577 | D        | Reached skill level 1 in Evocations
  3913 | D        | Noticed a seven-headed hydra
  3919 | D        | Killed a ten-headed hydra
  4049 | D        | Noticed a deep elf pyromancer
  4049 | D        | Noticed a fire crab
  4049 | D        | Noticed a hell beast
  4049 | D        | Noticed a fire giant
  4049 | D        | Noticed an ice dragon
  4049 | D        | Noticed a merfolk javelineer
  4054 | D        | Killed a fire crab
  4058 | D        | Killed a fire giant
  4063 | D        | Killed a deep elf pyromancer
  4067 | D        | Killed a hell beast
  4070 | D        | Killed a merfolk javelineer
  4079 | D        | Killed an ice dragon
  4080 | D        | Reached XP level 12. HP: 59/125 MP: 11/11
  4428 | D        | Noticed a minotaur
  4444 | D        | Killed a minotaur
  4444 | D        | Noticed a vampire mage
  4445 | D        | Reached skill level 21 in Axes
  4453 | D        | Killed a vampire mage
  4454 | D        | Noticed a red draconian
  4464 | D        | Killed a red draconian
  4476 | D        | Noticed a war gargoyle
  4494 | D        | Killed a war gargoyle
  4528 | D        | Noticed a merfolk impaler
  4536 | D        | Killed a merfolk impaler
  4537 | D        | Reached skill level 15 in Shields
  4680 | D        | HP: 5/129 [ice devil (20)]
  4683 | D        | HP: 2/129 [ice devil (17)]
  4706 | D        | Noticed a catoblepas
  4955 | D        | Killed a catoblepas
  4956 | D        | Noticed a death yak
  4964 | D        | Killed a death yak
  5273 | D        | Bought the ring of the Hare {EV+8} for 1920 gold pieces
  5273 | D        | Found the ring of the Hare {EV+8}
  5278 | D        | Bought slimy ice dragon scales for 2080 gold pieces
  5278 | D        | Identified the +8 ice dragon scales "Dowk" {Drain rF- rC++
                  | Regen+ Stlth+} (You bought it in a shop in the Dungeon)
  5302 | D        | Noticed an orc warlord
  5302 | D        | Noticed an orc warlord
  5307 | D        | Reached skill level 22 in Axes
  5317 | D        | Noticed a naga warrior
  5319 | D        | Noticed a naga warrior
  5322 | D        | Noticed a vault guard
  5324 | D        | Noticed a vault guard
  5326 | D        | Killed a ghost moth
  5327 | D        | Reached XP level 13. HP: 139/139 MP: 12/12
  5327 | D        | Noticed a deep elf sorcerer
  5341 | D        | Killed an orc warlord
  5344 | D        | Reached skill level 23 in Axes
  5347 | D        | Reached skill level 5 in Dodging
  5348 | D        | Killed a deep elf sorcerer
  5360 | D        | Reached skill level 10 in Stealth
  5370 | D        | HP: 5/143 [orc warlord (5)]
  5374 | D        | Slain by a naga warrior

Illustrated notes

Levels and vault maps discovered:
D:        pitsprint [storerooms_1, entrance_room_1, metal_vault_7, armoury_1,
          mini_pit_1, grid_room_1, main_hall_1, silver_pit, the_coven_1,
          the_vestibule_1, steel_vault_4, golden_pit, hallway_of_sentries,
          crystal_vault_5, iron_vault_1, final_vault]

Skill      XL: |  1  2  3  4  5  6  7  8  9 10 11 12 13 |
---------------+----------------------------------------+-----
Fighting       | 4 5 7 8 9 10 11 12 14 17 19 21 | 21.2
Armour         | 4 5 7 8 10 12 13 14 16 19 20 | 20.7
Shields        | 5 6 8 9 10 11 13 15 16 | 16.2
Axes           | 3 6 8 11 12 14 17 19 20 22 23 | 23.5
Dodging        | 1 2 3 4 5 |  5.3
Stealth        | 1 2 4 6 8 10 | 10.1
Evocations     | 2 |  2.9

Action                   |  1- 3 |  4- 6 |  7- 9 | 10-12 | 13-15 || total
-------------------------+-------+-------+-------+-------+-------++-------
Melee: Hand axe          |    26 |    37 |    30 |       |       ||    93
       War axe           |     1 |       |       |       |       ||     1
       Headbutt          |     2 |     4 |    15 |    71 |     6 ||    98
       Broad axe         |       |       |    60 |   281 |    29 ||   370
Invok: Potion Petition   |     1 |       |       |     5 |     1 ||     7
       Call Merchant     |       |       |       |     2 |       ||     2
Evoke: Wand              |       |       |       |     3 |       ||     3
       Phantom mirror    |       |       |       |     2 |     1 ||     3
  Use: Potion            |     3 |     1 |       |    17 |     7 ||    28
       Scroll            |       |       |       |     3 |     2 ||     5
 Stab: Distracted        |       |       |     1 |     3 |       ||     4
       Confused          |       |       |     1 |       |       ||     1
       Invisible         |       |       |       |    11 |       ||    11
       Sleeping          |       |       |       |     1 |       ||     1
       Fleeing           |       |       |       |       |     1 ||     1
Armor: Scale mail        |     9 |       |       |       |       ||     9
       Plate armour      |    19 |    15 |    45 |   118 |       ||   197
       Ice dragon scales |       |       |       |     4 |     9 ||    13
Dodge: Dodged            |    11 |     3 |    19 |    56 |    21 ||   110
Block: Buckler           |    10 |     2 |    16 |    69 |    14 ||   111

Table legend: (Time is in decaauts)
 A = Elapsed time spent in this place.
 B = Non-inter-level travel time spent in this place.
 C = Inter-level travel time spent in this place.
 D = Time resting spent in this place.
 E = Time spent auto-exploring this place.
 F = Levels seen in this place.
 G = Mean time per level.
                   A        B        C        D        E       F      G
               +--------+--------+--------+--------+--------+-----+--------+
         Total |   5252 |   5252 |      0 |   3521 |    174 |   1 | 5252.0 |
       Dungeon |   5252 |   5252 |      0 |   3521 |    174 |   1 | 5252.0 |
               +--------+--------+--------+--------+--------+-----+--------+

Top non-repeatable levels by time:
       D: 5252 daAuts
